Map: Terraform LE (Void)

Players

NickSaban - Winner!

  • Race: Terran Terran
  • League: Bronze

SticklerMac

  • Race: Terran Terran
  • League: Bronze

VOD

Have the link to the VOD?

Description

Time

  • Played on: July 28, 2015, 9:57 p.m.
  • Length: 17:45
Show
View Real Time Build Order
Export as new Build Order

NickSaban Terran - Winner!

Build Orders:  

Get SALT Encoding   

  12  0:01  SCV  
  13  0:13  SCV  
  14  0:25  SCV  
  14  0:27  Supply Depot  
  15  0:49  SCV  
  16  0:50  Barracks  
  16  0:57  Refinery  
  16  1:01  SCV  
  17  1:13  SCV  
  18  1:38  Command Center  
  18  1:43  Orbital Command  
  18  1:44  Marine  
  19  1:49  Supply Depot  
  19  2:02  Marine  
  20  2:19  Factory  
  20  2:20  Marine  
  20  2:21  SCV  
  20  2:22  Refinery  
  22  2:38  Marine  
  23  2:53  Supply Depot  
  23  2:56  Marine  
  24  3:04  Factory Reactor  
  24  3:11  Bunker  
  24  3:13  Marine  
  24  3:18  SCV  
  26  3:20  Starport  
  26  3:31  Marine  
  27  3:40  SCV x2  
  29  3:42  Hellion x2  
  33  3:49  Marine  
  33  3:57  Engineering Bay  
  33  3:59  SCV  
  33  4:01  Orbital Command  
  34  4:02  Supply Depot  
  34  4:05  Medivac  
  30  4:28  Marine  
  30  4:30  Hellion  
  30  4:31  Hellion  
  33  4:52  Hellion x2  
  37  4:57  Marine  
  38  5:05  Starport Reactor  
  38  5:12  Barracks  
  38  5:15  Hellion  
  38  5:16  Barracks  
  38  5:18  SCV  
  38  5:20  SCV  
  40  5:26  Barracks Tech Lab  
  40  5:30  SCV  
  41  5:45  Hellion x2  
  41  5:47  Medivac  
  47  5:50  SCV  
  47  5:51  Armory  
  48  6:05  Marine x3  
  49  6:13  Hellion  
  49  6:14  Hellion  
  53  6:20  Orbital Command  
  53  6:47  Supply Depot  
  53  6:48  Stimpack  
  53  6:52  Supply Depot  
  53  6:54  Supply Depot  
  53  7:08  SCV, Hellion, Marauder, Medivac x2  
  61  7:13  Supply Depot  
  61  7:14  SCV, Hellion  
  61  7:15  Barracks Reactor, Barracks Tech Lab  
  65  7:21  SCV  
  66  7:26  SCV  
  67  7:33  SCV  
  68  7:38  SCV  
  68  7:40  Medivac x2  
  73  7:45  SCV  
  73  7:50  SCV  
  71  7:59  Marine x2  
  71  8:00  Widow Mine, Marauder x2  
  71  8:01  Widow Mine  
  77  8:21  SCV, Marine x2  
  77  8:22  SCV  
  81  8:28  Supply Depot  
  81  8:29  Supply Depot  
  81  8:30  Hellion x2  
  81  8:32  Supply Depot  
  81  8:34  SCV  
  86  8:49  SCV x2  
  86  8:51  Command Center, Marine x2  
  86  8:52  Marauder x2  
  94  8:58  Supply Depot  
  94  9:01  SCV  
  95  9:03  Supply Depot  
  95  9:09  Marine x2  
  97  9:32  Marine x2  
  97  9:33  Marauder x2  
  97  9:34  Hellion x2  
  107  9:52  Marine x2  
  107  9:54  Marauder  
  109  10:22  Marine x2  
  109  10:23  Marauder x2  
  115  10:29  Refinery  
  115  10:31  Refinery  
  112  10:47  Starport, Terran Ship Weapons Level 1  
  112  10:51  Orbital Command  
  112  10:56  Command Center  
  112  11:00  SCV  
  112  11:01  SCV  
  114  11:09  Refinery  
  114  11:10  Refinery  
  114  11:13  SCV x2  
  116  11:22  Starport  
  116  11:24  Starport  
  116  11:28  Starport  
  116  11:38  SCV x2  
  118  11:42  Supply Depot  
  118  11:44  Starport Tech Lab  
  118  12:05  Supply Depot  
  118  12:06  Supply Depot  
  118  12:08  Supply Depot  
  118  12:11  Orbital Command  
  118  12:14  Starport Tech Lab x2  
  118  12:15  Starport Tech Lab  
  118  12:16  Banshee  
  121  12:32  Hellion x2  
  121  12:34  Banshee x3  
  134  12:46  Terran Ship Weapons Level 2  
  134  12:48  Viking  
  134  12:49  Viking  
  138  12:53  Hellion  
  138  12:54  Hellion  
  142  13:05  Banshee  
  142  13:07  Command Center  
  142  13:09  Liberator x2  
  142  13:10  Cloaking Field  
  145  13:17  Banshee x3  
  154  13:25  Command Center  
  160  13:40  Hellion x4  
  160  13:48  Banshee  
  163  14:11  Banshee  
  163  14:12  Banshee x2  
  172  14:31  Banshee  
  172  14:35  Refinery  
  175  14:39  Refinery  
  175  14:54  Banshee x2  
  181  15:01  Banshee  
  184  15:11  Orbital Command  
  184  15:17  Orbital Command  
  184  15:25  Command Center  
  184  15:42  Banshee x3  
  193  15:44  Banshee  
  196  15:50  Armory  
  196  16:38  Banshee  
  199  16:51  Command Center  
Show
View Real Time Build Order
Export as new Build Order

SticklerMac Terran 

Build Orders:  

Get SALT Encoding   

  12  0:01  SCV  
  13  0:14  Supply Depot  
  13  0:18  SCV  
  14  0:30  SCV  
  15  0:37  Barracks  
  15  0:42  SCV  
  16  0:52  Barracks  
  16  0:58  SCV  
  17  1:10  SCV  
  18  1:13  Barracks  
  18  1:23  SCV  
  18  1:24  Marine  
  20  1:28  Supply Depot  
  20  1:36  SCV  
  20  1:38  Marine  
  22  1:44  Marine  
  23  1:50  Supply Depot  
  23  1:53  SCV  
  24  1:56  Refinery  
  24  1:57  Marine  
  24  2:01  Marine  
  26  2:03  Marine  
  27  2:14  Supply Depot  
  27  2:16  Marine  
  27  2:18  Marine  
  27  2:21  Marine  
  30  2:40  Marine x3  
  33  2:58  Marine x3  
  35  3:15  Marine  
  35  3:16  Marine x2  
  38  3:33  Engineering Bay, Marine  
  38  3:34  Marine x2  
  40  3:37  Engineering Bay  
  41  3:44  Supply Depot  
  41  3:45  Supply Depot  
  41  3:51  Marine x2  
  41  3:52  Marine  
  44  4:09  Marine x3  
  33  4:27  Marine x3  
  36  4:44  Marine  
  36  4:45  Marine x2  
  33  5:02  Marine  
  33  5:03  Marine x2  
  33  5:05  Command Center  
  36  5:20  Marine x2  
  36  5:28  Barracks Tech Lab  
  36  5:42  SCV  
  37  5:45  Marine  
  37  5:46  Barracks Reactor  
  37  5:49  Marauder  
  40  6:00  Factory  
  40  6:01  Terran Infantry Weapons Level 1  
  40  6:02  Terran Infantry Armor Level 1  
  25  6:19  Planetary Fortress  
  24  6:38  Planetary Fortress  
  24  6:42  Marine  
  24  6:43  Marine  
  24  6:46  Marine  
  27  6:48  Widow Mine  
  29  7:13  Refinery  
  29  7:46  Command Center  
  27  8:02  Command Center  
  27  8:19  Marine  
  28  8:20  Marine x2  
  30  8:37  Marine  
  30  8:38  Marine  
  30  8:39  Marine  
  30  8:40  Marauder  
  35  8:51  Starport, Widow Mine  
  35  8:55  Marine  
  38  8:56  Marine  
  38  8:57  Marine  
  38  9:01  Marauder  
  42  9:16  Planetary Fortress  
  42  9:32  Marine x2, Marauder  
  42  9:33  Marine  
  42  9:35  Stimpack  
  47  9:49  Command Center  
  38  10:06  Marine x2, Marauder  
  42  10:27  Marauder  
  44  10:48  Command Center  
  44  10:56  Marauder  
  46  11:08  Widow Mine  
  48  11:18  Marine  
  48  11:19  Marine  
  50  11:48  Marauder  
  50  11:49  Marine x2  
  54  12:02  SCV  
  54  12:03  SCV  
  56  12:27  Widow Mine  
  56  12:28  Marine  
  56  12:29  Marine  
  60  12:30  Marine  
  61  12:40  SCV  
  62  12:48  Marine x2  
  62  12:49  Marine  
  65  13:12  Marauder, Marine x2  
  68  13:15  Marine  
  70  13:33  Marine x2  
  72  13:38  Marauder  
  73  14:04  Widow Mine  
  73  14:05  Marine x2  
  79  14:10  Marauder  
  78  14:53  Supply Depot  
  73  16:16  Marine, Marauder  
  73  16:17  Marine  
Tags
 
Add a new tag
Caveats
  • Supply blocks, unpowered buildings, or Contaminate may cause inaccurate times.
  • Supply counts are checked every 10 seconds.